 Dungeon Crawl Stone Soup version 0.26-a0-835-g8259106e14 (webtiles) character file.

Game seed: 17045622358347189617

119 Kinoniko the Chopper (level 4, 0/33 HPs)
             Began as a Demonspawn Gladiator on Nov 17, 2020.
             Slain by Natasha (6 damage)
             ... on level 2 of the Dungeon.
             The game lasted 00:02:07 (2024 turns).

Kinoniko the Chopper (Demonspawn Gladiator)         Turns: 2024, Time: 00:02:07

Health: 0/33       AC:  6    Str: 15    XL:     4   Next: 74%
Magic:  4/4        EV:  4    Int: 12    God:
Gold:   124        SH:  0    Dex: 14    Spells: 3/3 levels left

rFire    . . .     SeeInvis .   a - +0 war axe
rCold    . . .     Faith    .   (no shield)
rNeg     . . .     Spirit   .   e - +0 plate armour
rPois    .         Reflect  .   (helmet restricted)
rElec    .         Harm     .   (no cloak)
rCorr    .         Rampage  .   (no gloves)
MR       .....                  (no boots)
Stlth    ..........             (no amulet)
HPRegen  0.11/turn              (no ring)
MPRegen  0.09/turn              (no ring)

@: no status effects
A: horns 1, rugged brown scales 1, clever 1, deformed body, screaming 1, subdued
magic 1
a: no special abilities


You were on level 2 of the Dungeon.
You visited 1 branch of the dungeon, and saw 2 of its levels.

You collected 124 gold pieces.

Inventory:

Hand Weapons
 a - a +0 war axe (weapon)
Missiles
 d - 3 throwing nets (quivered)
Armour
 b - a +0 leather armour
 c - a +0 helmet
 e - a +0 plate armour (worn)
Wands
 g - a wand of iceblast (7)
Scrolls
 f - 2 scrolls of identify {unknown}
 h - a scroll of immolation {unknown}
 j - a scroll of enchant weapon {unknown}
Potions
 i - a potion of curing {unknown}
 k - a potion of might


   Skills:
 - Level 2.0 Fighting
 + Level 5.0 Axes
 - Level 1.7 Throwing
 - Level 2.7 Dodging


You had 3 spell levels left.
You didn't know any spells.
Your spell library was empty.

Dungeon Overview and Level Annotations

Branches:
Dungeon (2/15)

Altars:
Dithmenos
Zin

Annotations:
D:2 Natasha


Innate Abilities, Weirdness & Mutations

You have a pair of small horns on your head.
You are partially covered in rugged brown scales. (AC +1, +3% HP)
Your mind is acute. (Int +2)
Armour fits poorly on your strangely shaped body.
You occasionally shout uncontrollably at your foes.
Your spells are a little easier to cast, but a little less powerful.


Message History

Natasha is heavily wounded.
The crimson imp blinks!
Natasha casts a spell.
You hit Natasha but do no damage.
Natasha is heavily wounded.
Natasha claws you.
* * * LOW HITPOINT WARNING * * *
The crimson imp shouts, "Embrace thy fall, thou fobbing weeb-spouting whip-jack!"
You closely miss Natasha. You headbutt Natasha.
Natasha is severely wounded.
You hit the crimson imp.
The crimson imp laughs crazily.
The crimson imp hits you.
* * * LOW HITPOINT WARNING * * *
Natasha claws you but does no damage.
The crimson imp hits you but does no damage.
You closely miss Natasha.
Natasha is severely wounded.
You closely miss the crimson imp. You hit the crimson imp. Natasha claws you.
You die...

.#.#.# ###.# #.# ...#.# #...# #.#
#..#.# ######.#.# #.# .....#
#......### #.# .....# #.####.####
#.# ##.#.# #.# #....# #.### ##..#
###.# ##.##.######.... ####.###
#...###...#(##........
....#..#####...5@h5_...)..######.
####.#........##5#...###.## #.
#.#..####.###.##.## #.# #.
#.#.#.# #.# #..).# #.#### #.
#.#.### #.# ####.####....####.
####.#.# #.# ##..............
.....#.# #.# #..#.#####.####.
######.#####.#####..#.# #.# #.
#..............#.# #.# #.


You could see Natasha (strong) and 3 crimson imps.

Vanquished Creatures
  Terence (D:2)
  Natasha (twice) (D:2)
  An ooze (D:1)
  3 dart slugs (D:1)
  A leopard gecko (D:2)
  A bat (D:1)
  2 giant cockroaches
  4 goblins (D:1)
  3 hobgoblins
  5 kobolds
  A quokka (D:2)
  6 frilled lizards (D:1)
  6 rats
36 creatures vanquished.

Notes
Turn   | Place    | Note
-------+----------+-------------------------------------------
     0 | D:1      | Kinoniko the Demonspawn Gladiator began the quest for the
                  | Orb.
     0 | D:1      | Reached XP level 1. HP: 16/16 MP: 1/1
   182 | D:1      | Reached skill level 3 in Axes
   188 | D:1      | Gained mutation: You are partially covered in rugged brown
                  | scales. (AC +1, +3% HP) [demonic ancestry]
   188 | D:1      | Reached XP level 2. HP: 15/22 MP: 2/2
   863 | D:1      | Reached XP level 3. HP: 26/27 MP: 3/3
  1143 | D:2      | Found a glowing silver altar of Zin.
  1262 | D:2      | Noticed Terence
  1279 | D:2      | Killed Terence
  1280 | D:2      | Reached skill level 4 in Axes
  1486 | D:2      | Noticed Natasha
  1487 | D:2      | Found a shadowy altar of Dithmenos.
  1503 | D:2      | Gained mutation: Armour fits poorly on your strangely
                  | shaped body. [potion of mutation]
  1503 | D:2      | Gained mutation: You occasionally shout uncontrollably at
                  | your foes. [potion of mutation]
  1503 | D:2      | Gained mutation: Your spells are a little easier to cast,
                  | but a little less powerful. [potion of mutation]
  1503 | D:2      | Gained mutation: Your mind is acute. (Int +2) [potion of
                  | mutation]
  1513 | D:2      | Killed Natasha
  1514 | D:2      | Gained mutation: You have a pair of small horns on your
                  | head. [demonic ancestry]
  1514 | D:2      | Reached XP level 4. HP: 14/33 MP: 4/4
  1692 | D:2      | Noticed Natasha
  1696 | D:2      | Killed Natasha
  1697 | D:2      | Reached skill level 5 in Axes
  2011 | D:2      | Noticed Natasha
  2024 | D:2      | Slain by Natasha

Illustrated notes

Levels and vault maps discovered:
D:1:      nicolae_arrival_washed_ashore, layout_loops_cross,
          minmay_misc_feat_pillars
D:2:      layout_loops_ring, nicolae_overflow_crystal_walls,
          grunt_dithmenos_smoke, uniq_terence, uniq_natasha

Skill      XL: |  1  2  3  4 |
---------------+-------------+-----
Axes           | 3 4 5 |  5.0
Fighting       | |  2.0
Throwing       | |  1.7
Dodging        | |  2.7

Action                   |  1- 3 |  4- 6 || total
-------------------------+-------+-------++-------
Melee: War axe           |   120 |    16 ||   136
       Headbutt          |       |     2 ||     2
  Use: Potion            |     3 |       ||     3
Armor: Leather armour    |    10 |       ||    10
       Plate armour      |    50 |     5 ||    55
       Skin              |    12 |       ||    12
Dodge: Dodged            |    37 |     1 ||    38

Table legend: (Time is in decaauts)
 A = Elapsed time spent in this place.
 B = Non-inter-level travel time spent in this place.
 C = Inter-level travel time spent in this place.
 D = Time resting spent in this place.
 E = Time spent auto-exploring this place.
 F = Levels seen in this place.
 G = Mean time per level.
                   A        B        C        D        E       F      G
               +--------+--------+--------+--------+--------+-----+--------+
         Total |   2064 |   2006 |     58 |    308 |   1393 |   2 | 1032.0 |
       Dungeon |   2064 |   2006 |     58 |    308 |   1393 |   2 | 1032.0 |
               +--------+--------+--------+--------+--------+-----+--------+

Top non-repeatable levels by time:
     D:1: 1146 daAuts
     D:2: 918 daAuts
